 Dungeon Crawl Stone Soup version 0.29.1 (webtiles) character file.

Game seed: 3494798594253998845

48 Powertoast the Chopper (level 3, -2/35 HPs)
             Began as a Hill Orc Monk on Sept 13, 2022.
             Killed by nerve-wracking pain
             ... invoked by an orc priest
              (11 damage)
             ... on level 3 of the Dungeon.
             The game lasted 00:05:12 (2079 turns).

Powertoast the Chopper (Hill Orc Monk)              Turns: 2079, Time: 00:05:13

Health: -2/35      AC:  6    Str: 13 (15) XL:     3   Next: 72%
Magic:  3/3        EV: 10    Int:  9 (10) God:
Gold:   66         SH:  0    Dex: 10 (13) Spells: 2/2 levels left

rFire   . . .      SeeInvis .   a - +1 hand axe (venom)
rCold   . . .      Faith    .   (no shield)
rNeg    . . .      Spirit   .   d - +1 ring mail
rPois   .          Reflect  .   (no helmet)
rElec   .          Harm     .   (no cloak)
rCorr   .          Rampage  .   (no gloves)
Will    .....                   (no boots)
Stlth   +.........              (no amulet)
HPRegen 0.11/turn               (no ring)
MPRegen 0.08/turn               (no ring)

@: brilliant, flying, invisible
A: no striking features
a: no special abilities


You were on level 3 of the Dungeon.
You visited 1 branch of the dungeon, and saw 3 of its levels.

You collected 66 gold pieces.

Inventory:

Hand Weapons
 a - a +1 hand axe of venom (weapon)
Armour
 b - a +0 robe
 d - a +1 ring mail (worn)
Jewellery
 e - a ring of magical power
Wands
 f - a wand of flame (20)
Potions
 i - a potion of invisibility


   Skills:
 + Level 4.8 Fighting
 - Level 5.0 Axes
 - Level 2.4 Dodging
 - Level 1.5 Stealth


You had 2 spell levels left.
You didn't know any spells.
Your spell library contained the following spells:

 Spells                   Type           Power      Damage    Failure   Level
 Beastly Appendage        Tmut           0%         N/A       65%         1
 Wereblood                Tmut           0%         N/A       80%         2
 Spider Form              Tmut/Pois      0%         N/A       95%         3
 Airstrike                Air            0%         2d(0-16)  100%        4
 Summon Lightning Spire   Summ/Air       0%         N/A       100%        4
 Lightning Bolt           Conj/Air       0%         1d11      100%        5


Dungeon Overview and Level Annotations

Branches:
Dungeon (3/15)

Altars:

Shops:
D:2 [


Message History

It was a potion of invisibility.
You fade into invisibility!
The kobold throws a stone.
The stone hits the orc but does no damage.
The orc priest barely misses you.
You closely miss the orc priest. The orc priest misses you.
The orc priest invokes the aid of Beogh against you.
Pain shoots through your body!
* * * LOW HITPOINT WARNING * * *
It was a potion of brilliance.
You feel clever all of a sudden. The orc priest closely misses you.
It was a potion of flight.
You feel very buoyant.
You fly up into the air.
The kobold throws a stone.
The stone misses the orc.
The stone hits the orc priest.
The orc priest barely misses you.
It was a potion of degeneration.
There was something very wrong with that liquid.
You feel weakened.
You feel dopey.
You feel clumsy.
The orc priest mumbles some strange prayers to Beogh against you.
You barely resist. You hit the orc priest.
The orc priest is poisoned.
The orc priest is lightly wounded.
The orc priest barely misses you.
The orc priest hits you but does no damage.
You hit the orc priest.
The orc priest is severely wounded.
The kobold throws a stone.
The stone hits the orc but does no damage.
The orc priest hits you with a +0 dagger of speed.
* * * LOW HITPOINT WARNING * * *
You closely miss the orc priest.
The orc priest is severely wounded.
The orc priest barely misses you. The orc priest closely misses you.
You hit the orc priest.
The orc priest is almost dead.
The kobold throws a stone.
The stone hits the orc.
The orc priest invokes the aid of Beogh against you.
Pain shoots through your body!
You die...

## #####
..##...##
#.#.....##
####........#
............#
#........#
#.....#
##...## ##@##
#o#


#oo #Ko# #..# #..# #... ##.# You could see an orc priest (unable to see you,
very poisoned), 3 orcs and a kobold (unable to see you).

Vanquished Creatures
  3 dart slugs
  An orc (D:3)
  4 endoplasms
  2 giant cockroaches
  4 goblins
  2 jackals (D:1)
  3 kobolds
  3 quokkas (D:1)
  4 ball pythons
  6 bats
  6 frilled lizards
  A rat (D:2)
39 creatures vanquished.

Notes
Turn   | Place    | Note
-------+----------+-------------------------------------------
     0 | D:1      | Powertoast the Hill Orc Monk began the quest for the Orb.
     0 | D:1      | Reached XP level 1. HP: 19/19 MP: 1/1
   226 | D:1      | Reached XP level 2. HP: 21/26 MP: 2/2
   454 | D:1      | Reached skill level 5 in Axes
   637 | D:1      | Reached XP level 3. HP: 33/33 MP: 3/3
  1661 | D:2      | Found Raihal's Antique Armour Boutique.
  2079 | D:3      | Killed from afar by an orc priest

Illustrated notes

Levels and vault maps discovered:
D:1:      roderic_octagonal_star, layout_basic
D:2:      layout_basic, serial_curves, eino_curves_04, eino_curves_03,
          serial_shops, nicolae_shop_stone
D:3:      layout_loops_ring, shapermc_ecumenical_altar_mp_ritualfount,
          uniq_natasha

Skill      XL: |  1  2 |
---------------+-------+-----
Axes           | 5 |  5.0
Fighting       | 4 |  4.8
Dodging        | |  2.4
Stealth        | |  1.5

Action                   || total
-------------------------++-------
Melee: Hand axe          ||    95
       Punch             ||     1
  Use: Scroll            ||     9
       Potion            ||     5
 Stab: Sleeping          ||     3
       Distracted        ||     1
Armor: Robe              ||     6
       Ring mail         ||    28
Dodge: Dodged            ||    59
